AoeStats
← VakorTV

Black Forest

509884411Analyzed
4v4 RM · 3d ago on Sep 28, 2026· 65m 38s· 8 players
Game mode
Random Map
Map size
Large (8 player)
Population
200
Speed
Normal
Resources
Standard
Victory
Conquest
Starting age
Dark Age
Ending age
Imperial Age
RankedLock teamsTeams togetherTeam positionsShared explorationLock speedFull tech treeHidden civsTurbo modeCheats
Victory
Defeat
🇪🇸 Bohemians · Spain
1114
+13
🇨🇳 Khmer · China
1089
+14
🇩🇪 Vikings · Germany
1073
+15
🇹🇼 Celts · Taiwan
1062
+15
🇨🇳 Mapuche · China
1215
-20
🇫🇷 Spanish · France
1119
-17
🇨🇳 Turks · China
924
-10
🇨🇳 Mongols · China
924
-10
爺爺使把勁
4:15 Loom
12:21 Feudal Age
12:47 Double-Bit Axe
17:08 Castle Age
15:26 Horse Collar
17:21 Wheelbarrow
17:50 Heavy Plow
18:03 Bow Saw
24:29 Caravan
26:19 Gold Mining
26:20 Stone Mining
28:23 Gold Shaft Mining
28:23 Stone Shaft Mining
32:42 Imperial Age
31:14 Hand Cart
31:20 Fletching
31:43 Forging
31:34 Scale Mail Armor
32:08 Fishing Lines
34:18 Siege Engineers
35:14 Chemistry
34:35 Ballistics
35:35 Iron Casting
35:15 Chain Mail Armor
35:14 Furor Celtica
34:30 Onager
35:00 Gambesons
34:37 Pikeman
35:05 Arson
35:34 Siege Onager
35:45 Halberdier
37:27 Blast Furnace
36:57 Masonry
36:41 Heated Shot
38:15 Conscription
38:35 Plate Mail Armor
41:05 Town Watch
41:36 Capped Ram
43:03 Town Patrol
45:00 Siege Ram
47:42 Man-at-Arms
49:16 Elite Woad Raider
50:17 Conscription
50:08 Long Swordsman
51:38 Two-Handed Swordsman
53:09 Champion
Nogui
13:30 Feudal Age
18:04 Castle Age
17:25 Double-Bit Axe
17:23 Horse Collar
20:14 Loom
22:54 Chemistry
23:41 Wheelbarrow
28:36 Hand Cart
30:08 Padded Archer Armor
34:14 Imperial Age
32:15 Town Watch
32:56 Leather Archer Armor
32:32 Fletching
33:39 Masonry
34:52 Wagenburg Tactics
37:35 Houfnice
40:37 Ring Archer Armor
40:39 Ballistics
40:50 Architecture
43:59 Caravan
45:26 Bodkin Arrow
44:56 Elite Skirmisher
48:39 Bracer
50:34 Bow Saw
50:08 Horse Collar
50:40 Siege Engineers
54:30 Two-Man Saw
53:31 Heavy Plow
56:14 Scale Barding Armor
56:21 Forging
58:33 Murder Holes
61:13 Conscription
65:59 Iron Casting
65:44 Chain Barding Armor
ALIENSDIABLO
4:40 Loom
12:09 Feudal Age
12:34 Fishing Lines
13:30 Double-Bit Axe
18:39 Castle Age
23:01 Bow Saw
23:00 Horse Collar
25:52 Stone Mining
25:53 Gold Mining
27:38 Gillnets
29:22 Heavy Plow
32:04 Imperial Age
29:54 Squires
31:29 Gold Shaft Mining
31:05 Arson
31:23 Scale Mail Armor
31:33 Forging
32:17 Chieftains
32:57 Chain Mail Armor
32:23 Elite Varangian Guard
34:21 Conscription
34:58 Plate Mail Armor
35:04 Iron Casting
34:21 Capped Ram
35:33 Elite Berserk
38:25 Blast Furnace
38:57 Siege Ram
45:22 Onager
50:35 Siege Engineers
51:31 Chemistry
60:38 Pikeman
64:15 Fortified Wall
秋秋风落叶
0:35 Loom
12:02 Feudal Age
16:15 Castle Age
16:06 Double-Bit Axe
17:39 Bow Saw
28:32 Gold Mining
28:30 Horse Collar
30:00 Wheelbarrow
29:21 Fishing Lines
30:46 Stone Mining
35:42 Imperial Age
33:53 Fortified Wall
33:55 Masonry
35:18 Gold Shaft Mining
36:11 Hand Cart
38:31 Architecture
37:28 Elite Battle Elephant
38:09 Husbandry
38:20 Bloodlines
38:20 Town Watch
39:30 Stone Shaft Mining
40:44 Conscription
41:01 Hoardings
40:29 Tusk Swords
40:55 Scale Barding Armor
41:01 Forging
42:05 Chain Barding Armor
42:30 Capped Ram
43:51 Plate Barding Armor
43:52 Iron Casting
42:51 Light Cavalry
44:11 Heavy Scorpion
44:18 Hussar
45:47 Caravan
46:07 Fletching
48:06 Double Crossbow
51:52 Chemistry
51:13 Ballistics
51:00 Siege Engineers
54:33 Siege Ram
58:54 Blast Furnace
57:50 Bodkin Arrow
64:18 Bracer
64:19 Padded Archer Armor
65:00 Town Patrol
VakorTV
0:26 Loom
11:17 Feudal Age
14:55 Castle Age
13:46 Double-Bit Axe
14:21 Stone Mining
16:54 Fletching
22:38 Wheelbarrow
23:20 Bow Saw
22:53 Horse Collar
30:55 Imperial Age
29:00 Gold Mining
29:23 Scale Barding Armor
30:25 Chain Barding Armor
30:37 Bloodlines
30:28 Husbandry
31:39 Hand Cart
30:58 Cavalier
32:17 Plate Barding Armor
31:52 Forging
32:02 Forging
33:37 Paladin
37:20 Iron Casting
37:54 Conscription
39:45 Bodkin Arrow
40:54 Blast Furnace
39:50 Bodkin Arrow
39:50 Light Cavalry
42:30 Chemistry
41:42 Masonry
42:51 Two-Man Saw
41:54 Heavy Plow
41:42 Town Watch
41:31 Hussar
42:49 Padded Archer Armor
44:25 Leather Archer Armor
45:24 Caravan
46:26 Thumb Ring
46:44 Fortified Wall
48:07 Bracer
50:08 Architecture
52:57 Ring Archer Armor
54:41 Scale Mail Armor
laofengzi
12:31 Feudal Age
17:03 Castle Age
15:07 Double-Bit Axe
21:24 Fishing Lines
24:16 Gillnets
29:22 Horse Collar
29:53 Bow Saw
32:17 Imperial Age
29:47 Elite Skirmisher
30:21 Fletching
30:32 Padded Archer Armor
31:03 Bodkin Arrow
31:41 Malon
32:39 Ballistics
32:40 Leather Archer Armor
33:54 Ring Archer Armor
34:33 Chemistry
34:47 Conscription
34:03 Elite Kona
34:55 Forging
34:47 Scale Mail Armor
36:17 Heavy Plow
36:31 Butalmapu
37:45 Iron Casting
37:20 Gold Mining
37:21 Stone Mining
39:32 Crop Rotation
41:15 Blast Furnace
40:17 Pikeman
41:13 Chain Mail Armor
41:34 Bombard Tower
41:25 Masonry
48:55 Halberdier
52:28 Plate Mail Armor
焦糖布丁
11:46 Feudal Age
16:26 Castle Age
17:36 Wheelbarrow
20:34 Double-Bit Axe
20:32 Horse Collar
21:34 Hand Cart
21:23 Stone Mining
22:13 Bow Saw
22:07 Heavy Plow
25:30 Gold Mining
32:03 Imperial Age
29:22 Treadmill Crane
30:04 Ballistics
30:07 Scale Mail Armor
30:55 Masonry
32:45 Forging
32:50 Chain Mail Armor
32:41 Scale Barding Armor
33:00 Artillery
34:11 Iron Casting
35:12 Two-Man Saw
35:24 Caravan
42:51 Elite Janissary
45:54 Blast Furnace
45:25 Plate Mail Armor
51:21 Conscription
52:05 Bloodlines
51:58 Husbandry
52:21 Chain Barding Armor
阿巴巴巴
11:07 Feudal Age
12:05 Double-Bit Axe
15:47 Horse Collar
18:47 Castle Age
22:00 Heavy Plow
24:03 Stone Mining
26:12 Wheelbarrow
27:47 Hand Cart
30:48 Imperial Age
29:29 Bloodlines
29:36 Husbandry
29:29 Fletching
29:55 Bow Saw
29:50 Light Cavalry
32:21 Conscription
31:35 Hussar
33:16 Bodkin Arrow
34:05 Bracer
35:12 Scale Barding Armor
35:13 Elite Mangudai
37:17 Chain Barding Armor
38:10 Ballistics
38:51 Chemistry
42:29 Thumb Ring
42:50 Parthian Tactics
44:59 Gold Mining
57:28 Forging
Connection lost

Rejoining the realm…

Still unreachable

The connection could not be restored.

Session expired

The server has moved on; the page needs a fresh start.